 Dungeon Crawl Stone Soup version 0.19-a0-1852-gc11d922 (webtiles) character file.

683 Psiweapon the Sneak (level 7, -2/46 HPs)
             Began as a Vampire Enchanter on Oct 11, 2016.
             Slain by a gnoll
             ... wielding a +0 club
              (6 damage)
             ... on level 5 of the Dungeon on Oct 12, 2016.
             The game lasted 00:17:44 (5438 turns).

Psiweapon the Sneak (Vampire Enchanter)             Turns: 5438, Time: 00:17:45

Health: -2/46      AC:  3    Str:  7    XL:     7   Next: 35%
Magic:  10/10      EV: 13    Int: 18    God:
Gold:   136        SH:  0    Dex: 16    Spells: 3 memorised, 4 levels left

rFire  . . .     SeeInvis +     y - +0 hand axe (vamp)
rCold  + + .     Gourm    .     b - +1 robe
rNeg   + + +     Faith    .     (no shield)
rPois  ∞         Spirit   .     (no helmet)
rElec  .         Dismiss  .     (no cloak)
rCorr  .         Reflect  .     (no gloves)
MR     .....     Harm     .     (no boots)
Stlth  +++++++...               (no amulet)
                                u - ring of stealth
                                k - ring of poison resistance

@: bloodless, non-regenerating
A: fangs 3, see invisible, unbreathing
a: Bat Form


You were on level 5 of the Dungeon.
You were bloodless.

You visited 1 branch of the dungeon, and saw 5 of its levels.

You collected 136 gold pieces.

Inventory:

Hand Weapons
 a - a +1 dagger
 n - a +0 long sword
 y - a +0 vampiric hand axe (weapon)
Missiles
 i - 33 bolts
 r - 35 poisoned needles
 s - 5 tomahawks (quivered)
Armour
 b - a +1 robe (worn)
 j - a +0 buckler
Jewellery
 k - a ring of poison resistance (left hand)
 u - a ring of stealth (right hand)
 v - an uncursed amulet of the gourmand
Scrolls
 e - a scroll of identify
 h - 2 scrolls of remove curse
 l - a scroll of random uselessness {unknown}
 o - 2 scrolls of teleportation {unknown}
 p - a scroll of amnesia {unknown}
 q - a scroll of fog {unknown}
 t - a scroll of enchant armour {unknown}
Potions
 d - 5 potions of blood
 f - 2 potions of agility {unknown}
 g - a potion of ambrosia {unknown}
 m - a potion of berserk rage {unknown}
 w - a potion of brilliance {unknown}
 x - a potion of degeneration {unknown}
Books
 c - a book of Maledictions

   Spells                             Type                      Level
   a - Corona                         Hexes                        1
   b - Ensorcelled Hibernation        Hexes/Ice                    2
   c - Confuse                        Hexes                        3
   d - Tukima's Dance                 Hexes                        3
   e - Dazzling Spray                 Conjuration/Hexes            3


   Skills:
 * Level 6.3 Short Blades
 + Level 2.8 Dodging
 - Level 7.1 Stealth
 + Level 2.0 Spellcasting
 - Level 5.1 Hexes
 - Level 3.2 Ice Magic


You had 4 spell levels left.
You knew the following spells:

 Your Spells              Type           Power        Failure   Level  Hunger
a - Corona                Hex            ###....      1%          1    #......
b - Ensorcelled Hibernat  Hex/Ice        ###...       6%          2    ###....
c - Confuse               Hex            ###.....     10%         3    ###....


Dungeon Overview and Level Annotations

Branches:
Dungeon (5/15)
 Temple: D:4-7

Altars:
Ashenzari
Kikubaaqudgha

Annotations:
D:2 exclusion: downstairs
D:3 bezhaha's ghost, amateur FoCK
D:4 Geomchi's ghost, amateur DESu


Innate Abilities, Weirdness & Mutations

You do not heal naturally.
You are immune to poison.
You have razor-sharp teeth.
You have supernaturally acute eyesight. (SInv)
You can survive without breathing.


Message History

The gnoll barely misses you.
You climb downwards.
The gnoll barely misses you. The gnoll misses you.
There is a stone staircase leading up here.
You barely miss the gnoll.
The gnoll is lightly wounded.
You hit the gnoll. The gnoll hits you with a club.
The gnoll hits you with a spear.
* * * LOW HITPOINT WARNING * * *
Unknown command.
You closely miss the gnoll.
The gnoll is lightly wounded.
You closely miss the gnoll. The gnoll hits you with a club.
* * * LOW HITPOINT WARNING * * *
The gnoll hits you with a spear.
* * * LOW HITPOINT WARNING * * *
Unknown command.
You hit the gnoll.
You feel better.
The gnoll is heavily wounded.
You hit the gnoll.
You feel better. The gnoll hits you with a club.
You die...

##......## #..###...
#..###.#
#####..###.#.#
........#..#.# #.#
#...#..#.# #.#
#..._....# #g#
##..#....##### #@#
#..#..#......
####g####.###........
#...g.#...###........
#.........###.##$#.##
#......g......#.#..
#.......(#####.# .##
#.....#......g## #g#
###..##.######.###g##
#.....# ##.#.#


You could see 4 gnolls.

Vanquished Creatures
  Grinder (D:4)
  Sigmund (D:3)
  A sky beast (D:5)
  A crimson imp (D:5)
  An orc wizard (D:3)
  An orc priest (D:3)
  Ijyb (D:2)
  2 adders
  2 oozes
  An adder zombie (D:5)
  4 worms
  3 dart slugs
  A leopard gecko (D:1)
  6 orcs
  A giant cockroach (D:3)
  8 goblins
  6 hobgoblins
  7 jackals (D:2)
  11 kobolds
  5 bats
  6 frilled lizards
  5 rats
75 creatures vanquished.

Notes
Turn   | Place    | Note
-------+----------+-------------------------------------------
     0 | D:1      | Psiweapon the Vampire Enchanter began the quest for the Orb.
     0 | D:1      | Reached XP level 1. HP: 13/13 MP: 3/3
   616 | D:1      | Reached XP level 2. HP: 19/19 MP: 5/5
   706 | D:1      | Learned a level 2 spell: Ensorcelled Hibernation
  1511 | D:1      | Reached XP level 3. HP: 20/24 MP: 2/6
  1838 | D:2      | Reached skill level 5 in Hexes
  1909 | D:2      | Reached skill level 5 in Stealth
  2324 | D:2      | Reached XP level 4. HP: 30/30 MP: 4/7
  2355 | D:2      | Found an ancient bone altar of Kikubaaqudgha.
  2357 | D:2      | Noticed Ijyb
  2367 | D:2      | Killed Ijyb
  2367 | D:2      | Reached skill level 1 in Ice Magic
  2692 | D:3      | Noticed bezhaha's ghost (amateur FoCK)
  2720 | D:2      | Learned a level 3 spell: Confuse
  3230 | D:3      | Reached XP level 5. HP: 34/35 MP: 1/8
  3241 | D:3      | Reached skill level 6 in Stealth
  3293 | D:4      | Noticed Grinder
  3303 | D:4      | Killed Grinder
  3303 | D:4      | Reached skill level 5 in Short Blades
  3303 | D:4      | Reached XP level 6. HP: 41/41 MP: 5/9
  3347 | D:5      | Entered Level 5 of the Dungeon
  3347 | D:5      | Noticed a sky beast
  3351 | D:5      | Killed a sky beast
  3351 | D:5      | Reached skill level 7 in Stealth
  3416 | D:5      | Found a shattered altar of Ashenzari.
  3509 | D:4      | Noticed Geomchi's ghost (amateur DESu)
  3830 | D:3      | Noticed Sigmund
  3837 | D:3      | Killed Sigmund
  3837 | D:3      | Reached XP level 7. HP: 46/46 MP: 10/10
  4924 | D:5      | HP: 1/46 [gnoll/spear (8)]
  5437 | D:5      | HP: 2/46 [gnoll/spear (4)]
  5438 | D:5      | Slain by a gnoll

Vault maps used:
D:1:      lemuel_arrival_lava_pool
D:2:      kiku_gazebo_garden_becter, lexackson_kobold_supper, uniq_iyjb
D:3:      uniq_sigmund
D:4:      grunt_dithmenos_smoke_and_mirrors, minitemple, first_bread,
          uniq_grinder
D:5:      elyvilon_altar_3, cheibrodos_ashenzari_chains

Skill      XL: |  1  2  3  4  5  6 |
---------------+-------------------+-----
Short Blades   | 2 3 5 6 |  6.3
Hexes          | 5 |  5.1
Stealth        | 5 6 7 |  7.1
Ice Magic      | 1 2 3 |  3.2
Dodging        | |  2.8
Spellcasting   | |  2.0

Action                   |  1- 3 |  4- 6 |  7- 9 || total
-------------------------+-------+-------+-------++-------
Melee: Dagger            |   123 |    52 |     8 ||   183
       Bite              |    10 |     2 |     4 ||    16
       Long sword        |       |     3 |    18 ||    21
       Hand axe          |       |       |    11 ||    11
 Cast: Corona            |     1 |       |       ||     1
       Ensorcelled Hiber |    20 |    18 |     4 ||    42
       Confuse           |       |     3 |     3 ||     6
 Abil: End Transformatio |       |     1 |     1 ||     2
       Bat Form          |       |     1 |     1 ||     2
  Use: Scroll            |       |     1 |     1 ||     2
       Potion            |       |     1 |     3 ||     4
 Stab: Sleeping          |    27 |    17 |     1 ||    45
       Confused          |       |     1 |       ||     1
Armor: Robe              |    24 |     9 |     3 ||    36
Dodge: Dodged            |    67 |    46 |    37 ||   150
       Rpst.: Long sword |       |       |     8 ||     8
